 Dungeon Crawl Stone Soup version 0.16-a0-787-g31dbbe7 (webtiles) character file.

256 Kashira the Chiller (level 5, 0/22 HPs)
             Began as a Felid Ice Elementalist on Sept 27, 2014.
             Succumbed to a giant mite's poison
             ... on Level 4 of the Dungeon.
             The game lasted 00:14:51 (6018 turns).

Kashira the Chiller (Felid Ice Elementalist)        Turns: 6018, Time: 00:14:51

HP   0/22        AC  1     Str  5      XL: 5   Next: 92%
MP   9/16        EV 18     Int 15 (17) God:
Gold 252         SH  0     Dex 16      Spells:  3 memorised,  6 levels left
Lives: 0, deaths: 1

rFire  . . .     SeeInvis +     (weapon unavailable)
rCold  . . .     Clarity  .     (armour unavailable)
rNeg   . . .     rCorr    .     (shield unavailable)
rPois  +         rRot     .     (helmet unavailable)
rElec  .         Spirit   .     (cloak unavailable)
SustAb .         Warding  .     (gloves unavailable)
rMut   .         Stasis   .     (boots unavailable)
Gourm  .                        (no amulet)
MR     .....                    (no ring)
                                a - ring of poison resistance

@: confused, lethally poisoned, quick, not resistant to hostile enchantments,
unstealthy
A: paw claws, no armour, no weapons or thrown items, fangs 3, see invisible,
carnivore 3, speed 1, shaggy fur 1, slow metabolism 1, jump 1
a: Jump Attack


You were on level 4 of the Dungeon.
You were very full.

You visited 2 branches of the dungeon, and saw 6 of its levels.

You collected 252 gold pieces.

Inventory:

Comestibles
 c - 2 meat rations
Scrolls
 j - 2 scrolls of identify {unknown}
 k - a scroll of amnesia {unknown}
 l - a scroll of magic mapping {unknown}
 m - a scroll of teleportation {unknown}
 n - 3 scrolls of remove curse
 p - a scroll of recharging {unknown}
 q - a scroll of enchant weapon {unknown}
Jewellery
 a - a ring of poison resistance (left paw)
 g - an uncursed ring of see invisible {unknown}
Potions
 d - a potion of cure mutation {unknown}
 e - a potion of magic {unknown}
 f - a potion of confusion
 h - a potion of agility {unknown}
 i - a potion of degeneration
 o - a potion of curing {unknown}
Books
 b - a book of Frost

   Spells                             Type                      Level
   *Freeze                            Ice                          1
   *Throw Frost                       Conjuration/Ice              2
   *Ozocubu's Armour                  Charms/Ice                   3
   Throw Icicle                       Conjuration/Ice              4
   Summon Ice Beast                   Ice/Summoning                4
   Condensation Shield                Ice                          4
 r - a book of Minor Magic

   Spells                             Type                      Level
   Magic Dart                         Conjuration                  1
   Blink                              Translocation                2
   Call Imp                           Summoning                    2
   Repel Missiles                     Charms/Air                   2
   Slow                               Hexes                        2
   Conjure Flame                      Conjuration/Fire             3
   Mephitic Cloud                     Conjuration/Poison/Air       3
 s - a book of Maledictions

   Spells                             Type                      Level
   Corona                             Hexes                        1
   Sure Blade                         Hexes/Charms                 2
   Ensorcelled Hibernation            Hexes/Ice                    2
   Confuse                            Hexes                        3
   Dazzling Spray                     Conjuration/Hexes            3
   Enslavement                        Hexes                        4


   Skills:
 - Level 1.0 Fighting
 - Level 2.8 Dodging
 - Level 2.6 Stealth
 - Level 0.8 Unarmed Combat
 + Level 4.2 Spellcasting
 + Level 1.5 Conjurations
 + Level 0.2 Charms
 + Level 4.8 Ice Magic


You had 6 spell levels left.
You knew the following spells:

 Your Spells              Type           Power        Failure   Level  Hunger
a - Freeze                Ice            ###.         2%          1    None
b - Throw Frost           Conj/Ice       ##....       10%         2    ##.....
c - Ozocubu's Armour      Chrm/Ice       ##......     21%         3    ###....


Dungeon Overview and Level Annotations

Branches:
Dungeon (5/15)             Temple (1/1) D:4

Altars:
Cheibriados
Dithmenos
Elyvilon
Fedhas
Gozag
Makhleb
Nemelex Xobeh
Okawaru
Ru
Trog
Vehumet
Xom
Zin


Innate Abilities, Weirdness & Mutations

You cannot wear armour.
You are incapable of wielding weapons or throwing items.
Your paws have sharp claws.
You have razor-sharp teeth.
You have supernaturally acute eyesight.
You are carnivorous and can eat meat at any time.
You cover ground quickly.
You are covered in fur (AC +1).
You have a slow metabolism.
You can jump attack at a short distance.


Message History

Aim: a giant mite (lightly wounded, clinging)
You freeze the giant mite.
The giant mite is heavily wounded.
You feel sick. The giant mite bites you.
You are more poisoned.
The giant mite poisons you!
Drink which item? (? for menu, Esc to quit)
You are confused.
It was a potion of confusion.
* * * LOW HITPOINT WARNING * * *
You feel sick. The giant mite bites you.
* * * LOW HITPOINT WARNING * * *
You bump into the rock wall.
* * * LOW HITPOINT WARNING * * *
You feel sick. The giant mite closely misses you.
Drink which item? (? for menu, Esc to quit)
There was something very wrong with that liquid!
You feel dopey.
It was a potion of degeneration.
You die...

#.#.# #.#.##
#.#..# # #....#
# ####.### #
#..##. # ##.##.#
# #..#..#######
# ##.#...s@...#
### #.########.#
..##
##.......#.#
#..#
#.......#.#####
##.#
#..#....#.....#
#.#
###......#####.#
#.#
#..>...........#
#.#
################
##.## ###


You could see a giant mite.

Vanquished Creatures
  A hound (D:4)
  An iguana (D:4)
  2 orc wizards
  5 worker ants (D:4)
  2 adders
  An orc skeleton (D:4)
  A giant mite (D:3)
  3 giant geckos
  An ooze (D:1)
  7 orcs
  8 bats
  4 giant cockroaches
  9 hobgoblins
  7 jackals
  6 kobolds
  2 ball pythons (D:1)
  3 giant newts
  10 goblins
  A hobgoblin skeleton (D:4)
  9 rats
83 creatures vanquished.

Notes
Turn   | Place    | Note
--------------------------------------------------------------
     0 | D:1      | Kashira, the Felid Ice Elementalist, began the quest for the Orb.
     0 | D:1      | Reached XP level 1. HP: 7/7 MP: 4/4
   210 | D:1      | Reached XP level 2. HP: 11/11 MP: 1/6
   355 | D:1      | Learned a level 2 spell: Throw Frost
   437 | D:1      | Reached skill level 3 in Ice Magic
  1171 | D:1      | Reached XP level 3. HP: 14/14 MP: 5/8
  2271 | D:3      | Learned a level 3 spell: Ozocubu's Armour
  2835 | D:3      | Reached skill level 1 in Conjurations
  2835 | D:3      | Reached XP level 4. HP: 9/18 MP: 2/12
  3632 | D:4      | Reached skill level 4 in Ice Magic
  3632 | D:4      | Reached XP level 5. HP: 18/21 MP: 4/14
  4090 | D:4      | Found a staircase to the Ecumenical Temple.
  4099 | Temple   | Entered the Ecumenical Temple
  4190 | D:4      | Found a shadowy altar of Dithmenos.
  4556 | D:4      | Killed from afar by an orc priest
  4557 | D:4      | Reached XP level 4. HP: -10/18 MP: 11/13
  4686 | D:4      | Reached XP level 5. HP: 7/21 MP: 6/15
  5013 | D:4      | Reached skill level 1 in Fighting
  5814 | D:4      | Found a snail-covered altar of Cheibriados.
  5880 | D:5      | Entered Level 5 of the Dungeon
  5916 | D:5      | Noticed an ice beast
  6017 | D:4      | HP: 1/22 [poisoned by a giant mite]
  6018 | D:4      | Succumbed to a giant mite's poison

Action                   |  1- 3 |  4- 6 || total
-------------------------+-------+-------++-------
Melee: Unarmed           |    21 |    22 ||    43
 Cast: Freeze            |    65 |    41 ||   106
       Throw Frost       |    20 |    54 ||    74
       Ozocubu's Armour  |       |     1 ||     1
 Abil: Jump Attack       |    12 |     4 ||    16
  Use: Scroll            |     1 |       ||     1
       Potion            |       |     2 ||     2
  Eat: Chunk             |    11 |    10 ||    21
       Meat ration       |       |     1 ||     1
